 Dungeon Crawl Stone Soup version 0.31-a0-836-g3ceb0a68c4 (webtiles) character file.

Game seed: 16843520726826488358

238222 demibob the Slayer (level 19, -7/146 HPs)
             Began as a Gargoyle Chaos Knight on Sept 25, 2023.
             Was a Plaything of Xom.
             Mangled by a +2 glaive of freezing (13 damage)
             ... animated by Zenata
             ... on level 3 of the Elven Halls on Sept 26, 2023.
             The game lasted 01:40:00 (32867 turns).

demibob the Slayer (Gargoyle Chaos Knight)         Turns: 32867, Time: 01:40:01

Health: -7/146     AC: 39    Str: 17    XL:     19   Next: 71%
Magic:  17/17      EV: 25    Int: 24    God:    Xom [...*..]
Gold:   2119       SH: 16    Dex: 17    Spells: 18/18 levels left

rFire   . . .        a - +4 eveningstar of Corporal Punishment {freeze, rElec rN+ Int-3 Stlth+}
rCold   . . .        X - +2 kite shield {AC+3}
rNeg    + + .        p - +4 ring mail of the Thinker {Rampage Int+5}
rPois   ∞            (helmet restricted)
rElec   +            o - +0 cloak of Starshine {Dex+3}
rCorr   +            Q - +1 pair of gloves "Aguud" {rCorr Dex+3}
SInv    +            A - +2 pair of boots {rampage}
Will    ++...        j - dreamdust necklace {Acrobat}
Stlth   ++           Y - +4 ring of slaying
HPRegen 0.44/turn    W - ring of willpower
MPRegen 0.15/turn

%: acrobat, rampage
@: acrobatic, flying
A: sickness immunity, AC +14, big wings, negative energy resistance 1,
electricity resistance, torment resistance 1, petrification resistance, antennae
1, hooves 1, see invisible, clever 2, low MP 1, mutation resistance 2, screaming
1, no potion heal 1, MP-powered wands
}: 1/15 runes: gossamer
a: Renounce Religion


You were on level 3 of the Elven Halls.
You worshipped Xom.
You were a favourite toy of Xom.
You visited 6 branches of the dungeon, and saw 31 of its levels.
You visited the Abyss 1 time.
You also visited: Bailey, Gauntlet and Ice Cave.

You collected 2583 gold pieces.
You spent 464 gold pieces at shops.


Innate Abilities, Weirdness & Mutations

You are immune to sickness and miasma.
Your stone body is resilient. (AC +14)
You are immune to poison.
Your large and strong wings let you fly.
You resist negative energy. (rN+)
You are resistant to electric shocks. (rElec)
You are resistant to unholy torment.
You are immune to petrification.
You have a pair of small antennae on your head.
You have large cloven feet.
You have supernaturally acute eyesight. (SInv)
Your mind is very acute. (Int +8, Str/Dex -2)
Your magical capacity is low. (-10% MP)
You are somewhat resistant to both further mutation and mutation removal.
You occasionally shout uncontrollably at your foes.
Potions are less effective at restoring your health.
You expend magic power (3 MP) to strengthen your wands.


   Skills:
 + Level 25.1 Fighting
 - Level 16.0 Maces & Flails
 + Level 20.8 Armour
 - Level 0.7 Dodging
 - Level 15.0 Shields


You had 18 spell levels left.
You didn't know any spells.
Your spell library contained the following spells:

 Spells                   Type           Power      Damage    Failure   Level
 Necrotise                Necr           0%         1d4       34%         1
 Shock                    Conj/Air       0%         1d3       34%         1
 Slow                     Hex            0%         N/A       34%         1
 Blink                    Tloc           0%         N/A       45%         2
 Ensorcelled Hibernation  Hex/Ice        0%         N/A       45%         2
 Lesser Beckoning         Tloc           0%         N/A       45%         2
 Momentum Strike          Conj/Tloc      0%         3d8       45%         2
 Passwall                 Tmut/Erth      0%         N/A       45%         2
 Static Discharge         Conj/Air       0%         2-2/arc   45%         2
 Wereblood                Tmut           0%         N/A       45%         2
 Confusing Touch          Hex            0%         N/A       71%         3
 Dazzling Flash           Conj/Hex       0%         N/A       71%         3
 Frozen Ramparts          Ice            0%         1d1       71%         3
 Ozocubu's Armour         Ice            0%         N/A       71%         3
 Sigil of Binding         Hex            0%         N/A       71%         3
 Summon Guardian Golem    Hex/Summ       0%         N/A       71%         3
 Swiftness                Air            0%         N/A       71%         3
 Vampiric Draining        Necr           0%         2d6       71%         3
 Airstrike                Air            0%         2d(0-16)  98%         4
 Animate Dead             Necr           0%         N/A       98%         4
 Petrify                  Tmut/Erth      0%         N/A       98%         4
 Summon Lightning Spire   Summ/Air       0%         N/A       98%         4
 Agony                    Necr           0%         N/A       100%        5
 Alistair's Intoxication  Tmut/Pois      0%         N/A       100%        5
 Borgnjor's Vile Clutch   Necr/Erth      0%         N/A       100%        5
 Irradiate                Conj/Tmut      0%         3d11      100%        5
 Metabolic Englaciation   Hex/Ice        0%         N/A       100%        5
 Summon Forest            Summ/Tloc      0%         N/A       100%        5
 Eringya's Noxious Bog    Tmut/Pois      0%         4d6       100%        6
 Simulacrum               Ice/Necr       0%         N/A       100%        6
 Haunt                    Necr/Summ      0%         N/A       100%        7
 Orb of Destruction       Conj           0%         9d5       100%        7
 Ozocubu's Refrigeration  Ice            0%         4d7       100%        7
 Spellforged Servitor     Conj/Summ      0%         N/A       100%        7
 Summon Hydra             Summ           0%         N/A       100%        7
 Infestation              Necr           0%         N/A       100%        8
 Polar Vortex             Ice            0%         N/A       100%        9

Inventory:

Hand Weapons
 a - the +4 eveningstar of Corporal Punishment (weapon) {freeze, rElec rN+ Int-3 Stlth+}
   (You acquired it on level 8 of the Dungeon)

   Int-3:     It affects your intelligence (-3).
   rElec:     It insulates you from electricity.
   rN+:       It protects you from negative energy.
   Stlth+:    It makes you more stealthy.
 y - the +2 great mace of the Three Orbs {chaos, Dex+4}
   (Xom gifted it to you on level 11 of the Dungeon)

   Dex+4:     It affects your dexterity (+4).
Missiles
 r - 3 throwing nets {=f}
 s - 5 curare-tipped darts {=f}
Armour
 f - the +4 helmet of Privacy {rPois rC+}
   (You found it in a Gauntlet)

   rC+:       It protects you from cold.
   rPois:     It protects you from poison
 o - the +0 cloak of Starshine (worn) {Dex+3}
   (You found it in a Gauntlet)

   Dex+3:     It affects your dexterity (+3).
 p - the +4 ring mail of the Thinker (worn) {Rampage Int+5}
   (You found it on level 5 of the Dungeon)

   Int+5:     It affects your intelligence (+5).
   Rampage:   It bestows one free step when moving towards enemies.
 z - +0 fire dragon scales
 A - a +2 pair of boots of rampaging (worn)
 Q - the +1 pair of gloves "Aguud" (worn) {rCorr Dex+3}
   (You found it on level 4 of the Spider Nest)

   Dex+3:     It affects your dexterity (+3).
   rCorr:     It protects you from acid and corrosion.
 X - a +2 kite shield of protection (worn)
Jewellery
 c - a ring of protection from cold
 e - a +5 ring of evasion
 i - an amulet of faith {!P}
 j - the dreamdust necklace (around neck) {Acrobat}
   (You found it on level 9 of the Dungeon)

   [amulet of the acrobat]

   Acrobat:   It increases your evasion while moving and waiting.
 l - an amulet of regeneration
 t - the amulet of Noll {Reflect Harm Str+3 SH+5}
   (You found it in a Gauntlet)

   [amulet of reflection]

   Reflect:   It reflects blocked missile attacks.
   Str+3:     It affects your strength (+3).
   SH+5:      It affects your SH (+5).
   Harm:      It increases damage dealt and taken.
 v - a ring of see invisible
 C - a ring of ice
 F - the ring of Beogo {Fire Drain +Blink Int+5}
   (You found it in a Gauntlet)

   [ring of fire]

   Fire:      It enhances your fire magic.
   Int+5:     It affects your intelligence (+5).
   rF+:       It protects you from fire.
   rC-:       It makes you vulnerable to cold.
   +Blink:    It lets you blink.
   Drain:     It drains your maximum health when unequipped.
 J - the ring of the Mage {Wiz Archmagi}
   (Xom gifted it to you on level 11 of the Dungeon)

   [ring of wizardry]

   Wiz:       It improves your spell success rate.
   Archmagi:  It increases the power of your magical spells.
 M - a ring of magical power
 S - a +6 ring of strength
 V - an amulet of magic regeneration
 W - a ring of willpower (right hand)
 Y - a +4 ring of slaying (left hand)
Wands
 g - a wand of flame (21)
 u - a wand of polymorph (14)
 x - a wand of charming (32)
 L - a wand of digging (5)
Scrolls
 d - 2 scrolls of amnesia
 m - 3 scrolls of brand weapon
 q - 3 scrolls of enchant weapon
 B - 5 scrolls of identify {@r1}
 G - 2 scrolls of vulnerability
 K - 2 scrolls of enchant armour
 N - 2 scrolls of fog
 O - a scroll of torment
Potions
 b - 3 potions of mutation
 h - 3 potions of lignification
 D - 9 potions of ambrosia
 H - 4 potions of brilliance
 I - 3 potions of attraction

Dungeon Overview and Level Annotations

Branches:
Dungeon (15/15)            Temple (0/1) D:5            Lair (5/5) D:8
  Swamp (0/4) Lair:3       Spider (4/4) Lair:3        Slime (0/5) Lair:5
    Orc (2/2) D:10            Elf (3/3) Orc:2        Vaults (2/5) D:14
 Depths (0/4) D:15         Bailey (visited)           IceCv (visited)
Gauntlet (visited)
  Crypt: Vaults:2-3

Altars:
Ashenzari
Fedhas
Gozag
Hepliaklqana
Kikubaaqudgha
Makhleb
Nemelex Xobeh
Sif Muna
Uskayaw
Wu Jian
Xom
Yredelemnul
Zin
Jiyva
Lugonu

Shops:
D:1 *   D:8 [   Orc:2 :[*(   Elf:2 ([   Vaults:1 :[

Portals:
Abyss: Spider:3

Annotations:
D:6 1 runed translucent door
D:9 3 runed translucent doors, quinnr's ghost, journeyman TeAE
D:10 Fannar
D:12 exclusion: 3 doors, Rupert
Lair:1 exclusion: oklob plant
Lair:3 3 runed translucent doors
Lair:5 1 runed translucent door
Spider:3 Roxanne
Spider:4 1 runed translucent door, Baxzics's ghost, adept DECj
Elf:2 3 runed translucent doors
Elf:3 Zenata

##..#..{#.##.#..
#############....###{.....a§
#############...).....####..
#############........)#####.
#############.#.....#.).{.§a
##################)#.....#.###.##
......[#####...)...#.......# #.#§
######..###.###[####.......# #..)
✱# ##....#..)#@###.###########.
✱# #####.#.<.#5#{..............
§# #####.#...#{ae#.#▒▒▒▒▒▒▒▒▒▒.
≈# ########.###{####.# ▒▒ §#
#.#######...#####.#**********▒ ≈#
#...........#####.#*,,,,,,,,,* ≈#
###.#####⚑#.#######*,,,,,,,,,* ✱#
#..######⚑#.###### *,,,,,,,,,* ✱#
###.#####.#.###### *,,,,,,,,,*


You could see Zenata (reflecting), 2 dancing weapons and a friendly crimson imp
(summoned).


Message History

The +4 scimitar of flaming hits you!
* * * LOW HITPOINT WARNING * * *
The +4 scimitar of flaming burns you.
* * * LOW HITPOINT WARNING * * *
You block the +2 glaive of freezing's attack.
The +4 scimitar of flaming hits you but does no damage.
You hit the +4 scimitar of flaming.
The +4 scimitar of flaming is almost destroyed.
The +4 scimitar of flaming hits you but does no damage.
You block the +2 glaive of freezing's attack.
Your crimson imp hits the +4 scimitar of flaming but does no damage.
You block Zenata's attack. The +4 scimitar of flaming hits you!
* * * LOW HITPOINT WARNING * * *
The +4 scimitar of flaming burns you.
* * * LOW HITPOINT WARNING * * *
You impale the +4 scimitar of flaming!!
You destroy the +4 scimitar of flaming!
The +4 scimitar of flaming disappears in a puff of smoke!
The +2 glaive of freezing hits you.
* * * LOW HITPOINT WARNING * * *
The +2 glaive of freezing freezes you.
* * * LOW HITPOINT WARNING * * *
The +2 glaive of freezing hits you.
* * * LOW HITPOINT WARNING * * *
The +2 glaive of freezing freezes you.
* * * LOW HITPOINT WARNING * * *
Zenata closely misses you.
The +2 glaive of freezing hits you from afar!
You die...
Xom roars with laughter!

Skill      XL: |  1  2  3  4  5  6  7  8  9 10 11 12 13 14 15 16 17 18 19 |
---------------+----------------------------------------------------------+-----
Maces & Flails | 4 5 6 7 8 9 11 12 14 15 16 | 16.0
Armour         | 3 5 7 9 13 16 18 19 20 | 20.8
Fighting       | 5 12 17 20 23 24 25 | 25.1
Shields        | 2 12 15 | 15.0
Dodging        | |  0.7

Action                     |  1- 3 |  4- 6 |  7- 9 | 10-12 | 13-15 | 16-18 | 19-21 || total
---------------------------+-------+-------+-------+-------+-------+-------+-------++-------
  Melee: Mace              |    92 |   116 |   227 |    76 |       |       |       ||   511
         Punch             |       |       |     2 |     8 |    17 |     7 |       ||    34
         Kick              |       |       |    27 |   117 |   207 |       |       ||   351
         Eveningstar       |       |       |       |   275 |  1183 |  1514 |   317 ||  3289
  Evoke: Wand              |       |       |    10 |    10 |    19 |     2 |     8 ||    49
    Use: Scroll            |     5 |     5 |    12 |     5 |     9 |     7 |     4 ||    47
         Potion            |       |       |     1 |     3 |    17 |     6 |     7 ||    34
   Stab: Invisible         |       |       |     2 |       |     1 |       |       ||     3
         Paralysed         |       |       |     2 |       |       |       |       ||     2
         Sleeping          |       |       |       |     3 |    26 |    40 |     4 ||    73
         Distracted        |       |       |       |     2 |     4 |     6 |     4 ||    16
         Petrified         |       |       |       |       |     2 |       |       ||     2
         Confused          |       |       |       |       |       |    15 |       ||    15
         Held in net/web   |       |       |       |       |       |     1 |       ||     1
 Armour: Leather armour    |    58 |    54 |       |       |       |       |       ||   112
         Ring mail         |       |    13 |   134 |   258 |   882 |  1002 |   215 ||  2504
  Dodge: Dodged            |    62 |    80 |   128 |   238 |   828 |   770 |   118 ||  2224
  Block: Kite shield       |       |       |       |       |       |   742 |   172 ||   914

Levels and vault maps discovered:
D:1:      dpeg_arrival_brainrot, layout_basic, serial_shops,
          nicolae_shop_tiny_real_fake_doors
D:2:      layout_basic, shapermc_ecumenical_altar_notcrosses
D:3:      layout_rooms, general_overflow_altar
D:4:      layout_rooms, nicolae_overflow_squiral
D:5:      layout_layer_cave, minmay_temple_entry_statues_pillars,
          minmay_misc_feat_square
D:6:      layout_loops_cross, dk_yredelemnul_ordeal, hangedman_decor_lopped,
          kennysheep_pointless_box
D:7:      layout_rooms, minivault_11
D:8:      layout_cave_pools, nicolae_hepliaklqana_hippocampus, enter_bailey_5,
          serial_shops, shop, uniq_psyche
D:9:      minmay_cut_squares, layout_loops_corners,
          nicolae_overflow_hidden_temple, nicolae_kikubaaqudgha_miasma_corner,
          gammafunk_ghost_necromancy
D:10:     layout_small_grid, orc_0_dummy, special_room [special_room_bee],
          uniq_fannar
D:11:     nicolae_cairo_tiling_very_big, layout_irregular_city
D:12:     layout_roguey, portal_ice_cave_entry_imps, kennysheep_cross_room,
          nicolae_fort_ynox, uniq_rupert
D:13:     layout_basic, special_room [special_room_orc]
D:14:     layout_loops_cross, hellmonk_vaults_keyhole,
          minmay_misc_feat_more_columns
D:15:     hangedman_depths_entry_civil_slaughter, layout_basic,
          nicolae_wu_jian_immortal_techniques, ashenzari_conservatory_becter,
          uniq_josephine, uniq_nessos, uniq_jorgrun
Lair:1:   layout_hall_layers, basic_altar, serial_bayou_shore_b
Lair:2:   layout_layer_cave
Lair:3:   layout_cave_pods, minmay_swamp_entry_swarm,
          spider_nest_entry_web_field, ebering_ghost_rock_garden
Lair:4:   layout_roguey, chequers_serial_rivers_micro_a,
          pdpol_lair_neglected_garden, beast_lair_carwin_10
Lair:5:   due_jungle_book, layout_regular_city, slime_entry_2
Spider:1: layout_spider_delve, uniq_mlioglotl
Spider:2: layout_cave_pods, special_room
Spider:3: layout_spider_delve, drop_trap, nicolae_spider_circle_web,
          amcnicky_altar_lugonu_corruption, uniq_arachne, uniq_roxanne,
          uniq_kirke
Spider:4: hellmonk_spider_rune_endless_swarm, ebering_ghost_reflecting_pool,
          uniq_aizul
Orc:1:    layout_diamond_mine
Orc:2:    grunt_orc_cross, layout_caves, gauntlet_entry_generic
Elf:1:    nicolae_elf_arrival_fired_up, layout_geoelf_octagon,
          minmay_elf_crystal_heptagon, nicolae_elf_big_sculpture_1, uniq_agnes
Elf:2:    nicolae_elf_blades_crystal_corner, layout_gridlike, minmay_shop_star
Elf:3:    elf_hall_gauntlet_narrow, layout_loops_cross, serial_aquarium,
          aquarium_bridge_straight [aquarium_subvault_bridge,
          aquarium_subvault_wall, aquarium_subvault_bridge,
          aquarium_subvault_wall], aquarium_bridge_island_small
          [aquarium_subvault_small_open, aquarium_subvault_wall,
          aquarium_subvault_bridge, aquarium_subvault_bridge,
          aquarium_subvault_balcony], aquarium_window_1, aquarium_window_fake,
          aquarium_view_2b, uniq_zenata, uniq_donald
Vaults:1: v_misc_33, v_misc_4, vaults_room_pools, v_misc_33,
          nicolae_vaults_closet_pinwheel_6, nicolae_vaults_halls_meeting,
          grunt_vaults_twisty, vaults_room_corners, vaults_dpeg_encased_lava,
          nicolae_vaults_tetromino_Z_2, nicolae_vaults_tangram_2,
          nicolae_vaults_tetromino_Z_2, nicolae_vaults_trapezoid_lopsided_1,
          vaults_room_mumra_shop_pool, layout_vaults_chaotic_city, serial_shops,
          nicolae_shop_drivethru
Vaults:2: nicolae_vaults_security_offices_6, v_misc_8, v_misc_19,
          nicolae_vaults_house_2, hangedman_vaults_pinch,
          hangedman_vaults_nails, ontoclasm_vaults_decontamination,
          layout_vaults_quadrants, dummy_crypt_entry

Notes
Turn   | Place    | Note
-------+----------+-------------------------------------------
     0 | D:1      | demibob the Gargoyle Chaos Knight began the quest for the
                  | Orb.
     0 | D:1      | Reached XP level 1. HP: 14/14 MP: 1/1
    49 | D:1      | Reached XP level 2. HP: 19/19 MP: 2/2
    75 | D:1      | XOM: silly message
   417 | D:1      | Reached skill level 4 in Maces & Flails
   564 | D:1      | Found Lummoy's Assorted Antiques.
   595 | D:1      | XOM: silly message
   659 | D:1      | Reached XP level 3. HP: 23/23 MP: 3/3
  1175 | D:2      | Found a faded altar of an unknown god.
  1178 | D:2      | Reached XP level 4. HP: 28/28 MP: 4/4
  1224 | D:2      | XOM: silly message
  1370 | D:3      | Reached skill level 5 in Maces & Flails
  1441 | D:3      | XOM: god gift: 19 gold pieces
  1454 | D:3      | XOM: silly message
  1462 | D:3      | XOM: noise
  1623 | D:3      | Reached XP level 5. HP: 32/32 MP: 5/5
  1637 | D:3      | Found a sparkling altar of Nemelex Xobeh.
  1641 | D:3      | XOM: silly message
  1884 | D:4      | Reached skill level 6 in Maces & Flails
  2038 | D:4      | Found a glowing silver altar of Zin.
  2039 | D:4      | Found a hide-covered altar of Uskayaw.
  2101 | D:4      | XOM: silly message
  2246 | D:4      | XOM: silly message
  2373 | D:1      | XOM: silly message
  2383 | D:1      | Bought a glowing lapis lazuli amulet for 80 gold pieces
  2383 | D:1      | Bought a runed jasper amulet for 80 gold pieces
  2461 | D:5      | Entered Level 5 of the Dungeon
  2470 | D:5      | Reached XP level 6. HP: 35/37 MP: 6/6
  2475 | D:5      | Identified the +4 ring mail of the Thinker {Rampage Int+5}
  2513 | D:5      | XOM: 1-stop teleportation journey
  2604 | D:5      | Reached skill level 7 in Maces & Flails
  2609 | D:5      | Reached skill level 3 in Armour
  2697 | D:5      | Reached XP level 7. HP: 37/41 MP: 7/7
  2803 | D:5      | Reached skill level 4 in Armour
  2898 | D:5      | Found a staircase to the Ecumenical Temple.
  3098 | D:5      | XOM is BORED!
  3098 | D:5      | XOM: noise
  3597 | D:5      | XOM: noise
  3686 | D:6      | Reached skill level 8 in Maces & Flails
  3686 | D:6      | Reached skill level 5 in Armour
  3806 | D:6      | Reached XP level 8. HP: 46/46 MP: 8/8
  3836 | D:6      | Found a runed translucent door.
  3840 | D:6      | Found a basalt altar of Yredelemnul.
  3935 | D:6      | XOM: silly message
  3979 | D:6      | XOM: 3-stop teleportation journey
  4007 | D:6      | XOM: torment (37/46 hp)
  4361 | D:7      | Reached skill level 6 in Armour
  4542 | D:7      | XOM: 3-stop teleportation journey
  4592 | D:7      | XOM: swap monsters
  4624 | D:7      | Reached skill level 9 in Maces & Flails
  4649 | D:7      | XOM: give mutations
  4649 | D:7      | Gained mutation: Your magical capacity is low. (-10% MP)
                  | [Xom's mischief]
  4649 | D:7      | Gained mutation: You have very sharp teeth. [Xom's
                  | mischief]
  4649 | D:7      | Lost mutation: You have very sharp teeth. [Xom's mischief]
  4651 | D:7      | XOM: 2-stop teleportation journey
  4807 | D:7      | XOM: silly message
  4861 | D:7      | XOM: cast spell 'Summon Hydra'
  4862 | D:7      | Reached skill level 7 in Armour
  4862 | D:7      | XOM: butterfly on damage
  4918 | D:7      | Reached XP level 9. HP: 34/51 MP: 8/8
  5026 | D:7      | XOM: give mutations
  5026 | D:7      | Gained mutation: You have hidden genetic potential. [Xom's
                  | grace]
  5026 | D:7      | Gained mutation: Your movements are slightly less
                  | encumbered by armour. (ER -2) [Xom's grace]
  5026 | D:7      | Gained mutation: You have sharp toenails. [Xom's grace]
  5026 | D:7      | Gained mutation: Your muscles are strong. (Str +4, Int/Dex
                  | -1) [Xom's grace]
  5050 | D:7      | XOM: god gift: scale mail {god gift}
  5238 | D:8      | Noticed Psyche
  5243 | D:8      | XOM: enchant monster (good)
  5244 | D:8      | Killed Psyche
  5245 | D:8      | Reached skill level 10 in Maces & Flails
  5245 | D:8      | Reached skill level 8 in Armour
  5462 | D:8      | Reached skill level 9 in Armour
  5469 | D:8      | Found Sosa's Armour Emporium.
  5469 | D:8      | Found a staircase to the Lair.
  5471 | D:8      | XOM: repel stairs
  5481 | D:8      | XOM: polymorph goblin -> hobgoblin
  5492 | D:8      | XOM: divine lightning
  5516 | D:8      | Reached skill level 11 in Maces & Flails
  5583 | D:8      | Found a hazy altar of Hepliaklqana.
  5784 | D:8      | Found a flagged portal.
  5795 | Bailey   | Entered a bailey
  5800 | Bailey   | XOM: enchant monster (good)
  5807 | Bailey   | Reached XP level 10. HP: 54/56 MP: 9/9
  5876 | Bailey   | XOM: noise
  5878 | Bailey   | XOM: noise
  5893 | Bailey   | Gained mutation: You are covered in fur. (AC +1) [hidden
                  | potential]
  5987 | Bailey   | Reached skill level 10 in Armour
  6010 | Bailey   | XOM: 5-stop teleportation journey
  6122 | Bailey   | XOM: god gift: wand of charming (5)
  6171 | Bailey   | XOM: summons 10 friendly demons
  6179 | Bailey   | XOM: god gift: 3 silver javelins
  6329 | Bailey   | XOM: summons friendly ufetubus
  6335 | Bailey   | XOM: cast spell 'Summon Horrible Things'
  6350 | Bailey   | Reached skill level 11 in Armour
  6425 | D:8      | Acquired the +4 eveningstar of Corporal Punishment {freeze,
                  | rElec rN+ Int-3 Stlth+}
  6637 | D:8      | XOM: cast spell 'Summon Horrible Things'
  6640 | D:8      | Reached skill level 12 in Maces & Flails
  6687 | D:8      | XOM: give mutations
  6687 | D:8      | Gained mutation: You are strong-willed. (Will+) [Xom's
                  | grace]
  6687 | D:8      | Gained mutation: You have a pair of small antennae on your
                  | head. [Xom's grace]
  6687 | D:8      | Gained mutation: You are agile. (Dex +4, Str/Int -1) [Xom's
                  | grace]
  6748 | Lair:1   | Entered Level 1 of the Lair of Beasts
  6762 | D:8      | Reached skill level 12 in Armour
  6877 | D:8      | XOM: give mutations
  6877 | D:8      | Lost mutation: You have sharp toenails. [Xom's grace]
  6877 | D:8      | Gained mutation: You have large cloven feet. [Xom's grace]
  6877 | D:8      | Gained mutation: Your natural rate of healing is unusually
                  | fast. [Xom's grace]
  6877 | D:8      | Gained mutation: You are partially covered in iridescent
                  | scales. (AC +2) [Xom's grace]
  6948 | D:9      | XOM: destruction
  6949 | D:9      | Found a blossoming altar of Fedhas.
  6949 | D:9      | Found an opulent altar of Gozag.
  6949 | D:9      | Found a shimmering blue altar of Sif Muna.
  6949 | D:9      | Found a burning altar of Makhleb.
  6949 | D:9      | XOM: 5-stop teleportation journey
  7007 | D:9      | Found an ancient bone altar of Kikubaaqudgha.
  7063 | D:9      | Noticed a white ugly thing
  7064 | D:9      | XOM: scenery: summon butterflies
  7067 | D:9      | XOM: divination: detect items
  7071 | D:9      | Noticed a red ugly thing
  7128 | D:9      | Killed a white ugly thing
  7129 | D:9      | Reached skill level 13 in Armour
  7129 | D:9      | Reached XP level 11. HP: 30/60 MP: 9/9
  7136 | D:9      | Gained mutation: Your flesh is heat resistant. (rF+)
                  | [hidden potential]
  7136 | D:9      | Lost mutation: You have hidden genetic potential. [hidden
                  | potential expressed]
  7206 | D:9      | Noticed a manticore
  7213 | D:9      | Found the dreamshard necklace {Acrobat *Dream}
  7217 | D:9      | Killed a manticore
  7235 | D:9      | XOM: scenery: create altars
  7244 | D:9      | Killed a red ugly thing
  7244 | D:9      | XOM: divine lightning
  7265 | D:9      | XOM: divination: detect items
  7299 | Lair:1   | Reached skill level 13 in Maces & Flails
  7328 | Lair:1   | Reached skill level 14 in Armour
  7330 | Lair:1   | XOM: cast spell 'Summon Horrible Things'
  7455 | Lair:1   | Noticed a catoblepas
  7457 | Lair:1   | XOM: cast spell 'Cause Fear'
  7461 | Lair:1   | Killed a catoblepas
  7461 | Lair:1   | XOM: divine lightning
  7466 | Lair:1   | XOM: give mutations
  7466 | Lair:1   | Gained mutation: Your large and strong wings let you fly.
                  | [Xom's grace]
  7466 | Lair:1   | Gained mutation: You have hoof-like feet. [Xom's grace]
  7466 | Lair:1   | Gained mutation: Your muscles are very strong. (Str +8,
                  | Int/Dex -2) [Xom's grace]
  7499 | Lair:1   | Reached skill level 15 in Armour
  7520 | Lair:1   | XOM: enchant monster (good)
  7533 | Lair:1   | Found a shimmering altar of Xom.
  7585 | Lair:1   | Noticed an oklob plant
  7940 | Lair:1   | XOM: scenery: summon butterflies
  8195 | Lair:2   | Reached skill level 14 in Maces & Flails
  8197 | Lair:2   | XOM: cleaving
  8200 | Lair:2   | Reached skill level 16 in Armour
  8211 | Lair:2   | XOM: scenery: create altars
  8218 | Lair:2   | Reached XP level 12. HP: 64/64 MP: 10/10
  8303 | Lair:2   | Noticed a death yak
  8304 | Lair:2   | Noticed a death yak
  8317 | Lair:2   | XOM: butterfly on damage
  8319 | Lair:2   | Killed a death yak
  8405 | Lair:2   | Reached skill level 17 in Armour
  8415 | Lair:2   | Killed a death yak
  8425 | Lair:2   | XOM: summons 12 friendly demons
  8577 | Lair:2   | XOM: scenery: create altars
  8646 | Lair:2   | You are sucked into a shaft and drop 1 floor!
  8664 | Lair:3   | Reached skill level 15 in Maces & Flails
  8681 | Lair:3   | Found a runed translucent gate.
  8681 | Lair:3   | Found a runed translucent gate.
  8681 | Lair:3   | Found a runed translucent gate.
  8682 | Lair:3   | XOM: scenery: 3 doors open
  8684 | Lair:3   | Noticed Vade Gum's ghost (journeyman DsGl)
  8711 | Lair:3   | Noticed an eight-headed hydra
  8722 | Lair:3   | Killed Vade Gum's ghost
  8723 | Lair:3   | Reached skill level 18 in Armour
  8735 | Lair:3   | Killed an eight-headed hydra
  8871 | Lair:2   | XOM: 1-stop teleportation journey
  8908 | Lair:2   | XOM: 1-stop teleportation journey
  9305 | Lair:2   | Identified Xom's Compilation of Wondrous Power (Xom gifted
                  | it to you on level 2 of the Lair of Beasts)
  9305 | Lair:2   | XOM: god gift: Xom's Compilation of Wondrous Power
  9675 | Lair:3   | Reached skill level 4 in Fighting
  9730 | Lair:3   | Found a hole to the Spider Nest.
  9742 | Lair:3   | XOM: cast spell 'Summon Horrible Things'
  9779 | Lair:3   | XOM: 4-stop teleportation journey
  9887 | Lair:3   | XOM: scenery: create altars
  9947 | Lair:3   | Reached skill level 5 in Fighting
 10007 | Lair:3   | Found a staircase to the Swamp.
 10344 | Lair:4   | XOM: summons 7 friendly demons
 10347 | Lair:4   | XOM: confuse monster(s)
 10350 | Lair:4   | XOM: potion effect (brilliance)
 10366 | Lair:4   | Reached XP level 13. HP: 73/74 MP: 11/11
 10388 | Lair:4   | Reached skill level 6 in Fighting
 10434 | Lair:4   | XOM: divination: detect items
 10441 | Lair:4   | XOM: summons 4 friendly demons
 10443 | Lair:4   | XOM: potion effect (might)
 10445 | Lair:4   | Reached skill level 16 in Maces & Flails
 10552 | Lair:4   | Reached skill level 7 in Fighting
 10675 | Lair:4   | XOM: 3-stop teleportation journey
 10681 | Lair:4   | Reached skill level 8 in Fighting
 10803 | Lair:4   | XOM: give mutations
 10803 | Lair:4   | Lost mutation: Your muscles are very strong. (Str +8,
                  | Int/Dex -2) [Xom's mischief]
 10803 | Lair:4   | Lost mutation: You are covered in fur. (AC +1) [Xom's
                  | mischief]
 11045 | Lair:4   | XOM: enchant monster (bad)
 11149 | Lair:5   | Entered Level 5 of the Lair of Beasts
 11191 | Lair:5   | XOM: smoke on damage
 11194 | Lair:5   | XOM: divination: detect creatures
 11200 | Lair:5   | XOM: enchant monster (good)
 11202 | Lair:5   | Reached skill level 9 in Fighting
 11226 | Lair:5   | Reached skill level 10 in Fighting
 11315 | Lair:5   | XOM: enchant monster (good)
 11334 | Lair:5   | XOM: god gift: potion of degeneration
 11348 | Lair:5   | XOM: fog
 11381 | Lair:5   | XOM: enchant monster (good)
 11382 | Lair:5   | XOM: cast spell 'Olgreb's Toxic Radiance'
 11390 | Lair:5   | XOM: give mutations
 11390 | Lair:5   | Lost mutation: You are strong-willed. (Will+) [Xom's
                  | mischief]
 11390 | Lair:5   | Gained mutation: Your magical capacity is very low. (-20%
                  | MP) [Xom's mischief]
 11390 | Lair:5   | Lost mutation: Your magical capacity is very low. (-20% MP)
                  | [Xom's mischief]
 11398 | Lair:5   | Reached skill level 11 in Fighting
 11524 | Lair:5   | XOM: confusion
 11543 | Lair:5   | XOM: 1-stop teleportation journey
 11587 | Lair:5   | Found a runed translucent door.
 11591 | Lair:5   | Found a viscous altar of Jiyva.
 11592 | Lair:5   | Found a staircase to the Slime Pits.
 11592 | Lair:5   | Noticed an acid blob
 11592 | Lair:5   | Noticed an acid blob
 11654 | Lair:5   | XOM: summons friendly iron imp
 11681 | Lair:5   | Reached skill level 12 in Fighting
 11724 | Lair:5   | XOM: cleaving
 11739 | Lair:5   | Identified the +1 ring mail "Exoop" {Str+3}
 11759 | Lair:5   | XOM: divination: detect creatures
 11856 | Lair:5   | XOM: confusion
 11857 | Lair:5   | Mutation became permanent: Your large and strong wings let
                  | you fly. [Gargoyle growth]
 11857 | Lair:5   | Gained mutation: Your large and strong wings let you fly.
                  | [Gargoyle growth]
 11857 | Lair:5   | Reached XP level 14. HP: 92/92 MP: 12/12
 11861 | Lair:5   | XOM: cleaving
 11863 | Lair:5   | XOM: potion effect (curing)
 11868 | Lair:5   | Reached skill level 13 in Fighting
 12004 | Lair:5   | XOM: blink monster(s)
 12050 | Lair:5   | Noticed a dire elephant
 12050 | Lair:5   | Noticed a dire elephant
 12050 | Lair:5   | Noticed a dire elephant
 12051 | Lair:5   | Noticed a dire elephant
 12051 | Lair:5   | XOM: enchant monster (bad)
 12062 | Lair:5   | >>i die here
 12065 | Lair:5   | Killed a dire elephant
 12071 | Lair:5   | Reached skill level 14 in Fighting
 12157 | Lair:5   | Noticed a dire elephant
 12474 | D:9      | Identified the +0 pair of boots of Optimism {*Corrode +Inv
                  | rElec}
 12495 | D:9      | XOM: blink monster(s)
 12541 | D:9      | Identified the +2 battleaxe "Beyxkeud" {spect, rElec rN+
                  | Str+2}
 12639 | D:9      | Found a runed translucent gate.
 12639 | D:9      | Found a runed translucent gate.
 12639 | D:9      | Found a runed translucent gate.
 12651 | D:9      | Noticed quinnr's ghost (journeyman TeAE)
 13132 | D:10     | Entered Level 10 of the Dungeon
 13132 | D:10     | Found a staircase to the Orcish Mines.
 13138 | D:10     | XOM: blink monster(s)
 13175 | D:10     | XOM: scenery: summon butterflies
 13204 | D:10     | XOM: scenery: create altars
 13450 | D:10     | XOM: stat loss: -1 Dex (15/16)
 13538 | D:10     | XOM: scenery: summon butterflies
 13543 | D:10     | Reached skill level 15 in Fighting
 13709 | D:10     | Noticed Fannar
 13754 | D:10     | XOM: give mutations
 13754 | D:10     | Lost mutation: You are partially covered in iridescent
                  | scales. (AC +2) [Xom's mischief]
 13754 | D:10     | Lost mutation: Your flesh is heat resistant. (rF+) [Xom's
                  | mischief]
 13754 | D:10     | Lost mutation: Your muscles are strong. (Str +4, Int/Dex
                  | -1) [Xom's mischief]
 13754 | D:10     | Gained mutation: Your body sometimes deteriorates upon
                  | taking damage. [Xom's mischief]
 13881 | Orc:1    | Entered Level 1 of the Orcish Mines
 14083 | Orc:1    | XOM: silly message
 14140 | Orc:1    | XOM: give mutations
 14140 | Orc:1    | Lost mutation: You have hoof-like feet. [Xom's mischief]
 14140 | Orc:1    | Lost mutation: Your movements are slightly less encumbered
                  | by armour. (ER -2) [Xom's mischief]
 14140 | Orc:1    | Gained mutation: You have a somewhat thin skeletal
                  | structure. (Dex +2, Stealth+) [Xom's mischief]
 14387 | Orc:2    | Entered Level 2 of the Orcish Mines
 14394 | Orc:2    | Noticed an orc warlord
 14400 | Orc:2    | XOM: confusion
 14406 | Orc:2    | Killed an orc warlord
 14413 | Orc:2    | XOM: silly message
 14463 | Orc:2    | XOM: polymorph ettin -> something unseen
 14468 | Orc:2    | XOM: smoke on damage
 14474 | Orc:2    | >>i die here
 14474 | Orc:2    | >>lol xom
 14591 | Orc:2    | Noticed a ghost moth
 14595 | Orc:2    | Killed a ghost moth
 14629 | Orc:2    | Found a staircase to the Elven Halls.
 14662 | Orc:2    | Paralysed by an orc sorcerer for 2 turns
 14666 | Orc:2    | XOM: stat loss: -1 Dex (16/19)
 14668 | Orc:2    | Reached skill level 16 in Fighting
 14797 | Orc:2    | Found a gate leading to a gauntlet.
 14806 | Gauntlet | Entered a Gauntlet
 14806 | Gauntlet | Found a transporter.
 14818 | Gauntlet | Found a transporter.
 14821 | Gauntlet | Found a transporter.
 14822 | Gauntlet | Found a transporter.
 14830 | Gauntlet | Found a transporter.
 14833 | Gauntlet | Found a transporter.
 14834 | Gauntlet | Found a transporter.
 14844 | Gauntlet | Found a transporter.
 14846 | Gauntlet | Found a transporter.
 14847 | Gauntlet | Found a transporter.
 14854 | Gauntlet | Found a runed translucent door.
 14856 | Gauntlet | Found a transporter.
 14856 | Gauntlet | Noticed a quicksilver ooze
 14859 | Gauntlet | Found a transporter.
 14860 | Gauntlet | Found a transporter.
 14871 | Gauntlet | Found a transporter.
 15009 | Gauntlet | Identified the +4 helmet of Privacy {rPois rC+}
 15035 | Gauntlet | Identified the +0 cloak of Starshine {Dex+3}
 15038 | Gauntlet | Killed a quicksilver ooze
 15050 | Gauntlet | Identified the amulet of Noll {Reflect Harm Str+3 SH+5}
 15060 | Gauntlet | XOM: fog
 15082 | Gauntlet | Identified the ring of Beogo {Fire Drain +Blink Int+5}
 15130 | Orc:2    | XOM: summons 14 friendly demons
 15139 | Orc:2    | Identified a +1 robe of resistance
 15268 | Orc:2    | XOM: 1-stop teleportation journey
 15269 | Orc:2    | XOM: summons 3 friendly demons
 15417 | Orc:2    | XOM: summons friendly shadow imp
 15432 | Orc:2    | XOM: summons friendly quasit
 15445 | Orc:2    | XOM: enchant monster (bad)
 15449 | Orc:2    | Reached skill level 17 in Fighting
 15454 | Orc:2    | Found Ommioger's Book Emporium.
 15454 | Orc:2    | Noticed an orc warlord
 15454 | Orc:2    | XOM: 3-stop teleportation journey
 15455 | Orc:2    | >>death maybe
 15466 | Orc:2    | XOM: summons friendly white imp
 15493 | Orc:2    | XOM: polymorph troll -> yak
 15532 | Orc:2    | Killed an orc warlord
 15540 | Orc:2    | Reached XP level 15. HP: 64/107 MP: 13/13
 15695 | Orc:2    | Paralysed by an orc sorcerer for 2 turns
 15759 | Orc:2    | Found Jeabuo's General Store.
 15766 | Orc:2    | Bought 2 potions of curing for 72 gold pieces
 15796 | Orc:2    | XOM: stat loss: -1 Str (15/18)
 15807 | Orc:2    | Found Dimodgh's Antique Weapon Emporium.
 15882 | Orc:2    | Found Femug's Antique Armour Emporium.
 15888 | Orc:2    | Bought a pair of embroidered gloves for 232 gold pieces
 16025 | Orc:2    | XOM: summons 1 hostile shadow creature
 16302 | D:11     | Identified the +2 great mace of the Three Orbs {vamp,
                  | Dex+4} (Xom gifted it to you on level 11 of the Dungeon)
 16302 | D:11     | XOM: god gift: +2 great mace of the Three Orbs {chaos,
                  | Dex+4}
 16319 | D:11     | XOM: stat loss: -1 Int (9/14)
 16474 | D:11     | XOM: swap monsters
 16572 | D:11     | XOM: scenery: 1 doors open
 16743 | D:11     | XOM: god gift: ring of the Mage {Wiz Archmagi}
 16744 | D:11     | Found the ring of the Mage {Wiz Archmagi}
 16813 | D:12     | Reached skill level 18 in Fighting
 16875 | D:12     | Found a frozen archway.
 16907 | IceCv    | Entered an ice cave
 16983 | D:12     | XOM: give mutations
 16983 | D:12     | Gained mutation: Your spells are a little harder to cast,
                  | but a little more powerful. [Xom's grace]
 16983 | D:12     | Gained mutation: You are robust. (+10% HP) [Xom's grace]
 16983 | D:12     | Gained mutation: You are somewhat resistant to further
                  | mutation. [Xom's grace]
 16983 | D:12     | Gained mutation: Your movements are slightly less
                  | encumbered by armour. (ER -2) [Xom's grace]
 17015 | D:12     | XOM: god gift: book of Cantrips
 17019 | D:12     | Noticed Rupert
 17022 | D:12     | XOM: scenery: 3 doors close
 17035 | D:12     | XOM: divination: detect creatures
 17036 | D:12     | XOM: fog
 17134 | D:12     | You are sucked into a shaft and drop 3 floors!
 17134 | D:15     | Entered Level 15 of the Dungeon
 17162 | D:15     | XOM: fog
 17174 | D:15     | Noticed Josephine
 17188 | D:15     | Killed Josephine
 17190 | D:15     | Found an ornate altar of the Wu Jian Council.
 17190 | D:15     | XOM: 2-stop teleportation journey
 17205 | D:15     | XOM: scenery: 2 doors open, 1 doors close
 17220 | D:15     | XOM: enchant monster (good)
 17222 | D:15     | XOM: chaos upgrade
 17229 | D:15     | XOM: summons 3 hostile demons
 17232 | D:15     | XOM: enchant monster (good)
 17233 | D:15     | XOM: enchant monster (good)
 17241 | D:15     | XOM: summons friendly white imp
 17256 | D:15     | XOM: divination: magic mapping
 17314 | D:15     | XOM: 1-stop teleportation journey
 17351 | D:15     | Reached skill level 19 in Fighting
 17550 | D:15     | XOM: cloud trail
 17602 | D:15     | Found a broken altar of Ashenzari.
 17769 | D:12     | XOM: give mutations
 17769 | D:12     | Gained mutation: You have a pair of antennae on your head.
                  | [Xom's mischief]
 17769 | D:12     | Lost mutation: Your spells are a little harder to cast, but
                  | a little more powerful. [Xom's mischief]
 17769 | D:12     | Gained mutation: You have hoof-like feet. [Xom's mischief]
 17769 | D:12     | Gained mutation: You are somewhat resistant to both further
                  | mutation and mutation removal. [Xom's mischief]
 17988 | D:12     | XOM: scenery: create altars
 17994 | D:12     | XOM: scenery: summon butterflies
 18248 | D:13     | Reached skill level 20 in Fighting
 18334 | D:13     | XOM: fog
 18374 | D:13     | XOM: give mutations
 18374 | D:13     | Gained mutation: You possess an exceptional clarity of
                  | mind. [Xom's grace]
 18374 | D:13     | Gained mutation: You are very agile. (Dex +8, Str/Int -2)
                  | [Xom's grace]
 18374 | D:13     | Lost mutation: Your magical capacity is low. (-10% MP)
                  | [Xom's grace]
 19109 | D:14     | Reached XP level 16. HP: 132/132 MP: 16/16
 19285 | D:14     | XOM: scenery: summon butterflies
 19547 | D:14     | Reached skill level 21 in Fighting
 19640 | D:14     | XOM: fake destruction
 19662 | D:14     | XOM: cast spell 'Call Canine Familiar'
 19700 | D:14     | Found a gate to the Vaults.
 19740 | D:14     | XOM: summons 1 hostile shadow creature
 19747 | D:14     | XOM: noise
 19793 | D:13     | XOM: silly message
 20069 | D:15     | Noticed Jorgrun
 20087 | D:15     | Killed Jorgrun
 20151 | D:15     | Found a staircase to the Depths.
 20223 | D:15     | XOM: confuse monster(s)
 20258 | D:15     | XOM: god gift: book of Burglary
 20271 | D:15     | Noticed Nessos
 20364 | D:15     | Killed Nessos
 20389 | D:15     | XOM: scenery: summon butterflies
 20743 | D:13     | XOM: give mutations
 20743 | D:13     | Lost mutation: You are very agile. (Dex +8, Str/Int -2)
                  | [Xom's mischief]
 20743 | D:13     | Lost mutation: You are agile. (Dex +4, Str/Int -1) [Xom's
                  | mischief]
 20845 | Lair:1   | XOM is BORED!
 20943 | Spider:1 | Entered Level 1 of the Spider Nest
 20944 | Spider:1 | Noticed Mlioglotl
 20952 | Lair:3   | XOM: confuse monster(s)
 20958 | Lair:3   | Killed Mlioglotl
 20959 | Lair:3   | Reached skill level 22 in Fighting
 20967 | Spider:1 | XOM: enchant monster (bad)
 21033 | Spider:1 | XOM: silly message
 21331 | Spider:1 | XOM: silly message
 21515 | Spider:1 | XOM: confuse monster(s)
 21748 | Spider:2 | Reached skill level 23 in Fighting
 21883 | Spider:2 | XOM: polymorph emperor scorpion -> catoblepas
 21910 | Spider:2 | XOM: divination: detect items
 21933 | Spider:2 | Identified the +0 scale mail "Juirug" {Str+6 Int-3}
 22079 | Spider:2 | XOM: 9-stop teleportation journey
 22314 | D:9      | XOM: draining
 22456 | D:15     | XOM: give mutations
 22456 | D:15     | Gained mutation: Your spells are a little harder to cast,
                  | but a little more powerful. [Xom's grace]
 22456 | D:15     | Gained mutation: Your mind is acute. (Int +4, Str/Dex -1)
                  | [Xom's grace]
 22456 | D:15     | Gained mutation: You are strong-willed. (Will+) [Xom's
                  | grace]
 22456 | D:15     | Gained mutation: You passively dampen the noise of your
                  | surroundings. [Xom's grace]
 22492 | D:14     | XOM: divination: magic mapping
 22567 | D:10     | XOM: give mutations
 22567 | D:10     | Gained mutation: Your flesh is heat resistant. (rF+) [Xom's
                  | grace]
 22567 | D:10     | Gained mutation: You are partially covered in iridescent
                  | scales. (AC +2) [Xom's grace]
 22567 | D:10     | Gained mutation: Your flesh is very heat resistant. (rF++)
                  | [Xom's grace]
 22588 | D:8      | XOM: god gift: staff of conjuration
 22780 | Spider:2 | XOM: polymorph redback -> komodo dragon
 22791 | Spider:2 | Reached skill level 1 in Shields
 22838 | Spider:2 | XOM: scenery: summon butterflies
 22879 | Spider:2 | XOM: scenery: create altars
 22885 | Spider:2 | Reached skill level 2 in Shields
 22885 | Spider:2 | Reached XP level 17. HP: 132/141 MP: 17/17
 23250 | Spider:3 | Reached skill level 3 in Shields
 23316 | Spider:3 | Reached skill level 4 in Shields
 23367 | Spider:3 | Noticed Kirke
 23373 | Spider:3 | XOM: polymorph wolf spider -> slime creature
 23473 | Spider:3 | Killed Kirke
 23477 | Spider:3 | Reached skill level 5 in Shields
 23537 | Spider:3 | XOM: give mutation
 23537 | Spider:3 | Gained mutation: You have a pair of large antennae on your
                  | head. (SInv) [Xom's grace]
 23572 | Spider:3 | Found a one-way gate to the infinite horrors of the Abyss.
 23572 | Spider:3 | Found a corrupted altar of Lugonu.
 23657 | Spider:3 | Noticed Roxanne
 23713 | Spider:3 | Reached skill level 6 in Shields
 24022 | Spider:4 | Entered Level 4 of the Spider Nest
 24042 | Spider:4 | Reached skill level 7 in Shields
 24082 | Spider:4 | XOM: polymorph entropy weaver -> black mamba
 24091 | Spider:4 | XOM: cast spell 'Disjunction'
 24098 | Spider:4 | XOM: summons friendly crimson imp
 24278 | Spider:4 | XOM: scenery: summon butterflies
 24326 | Spider:4 | XOM: summons 16 friendly demons
 24339 | Spider:4 | Reached skill level 8 in Shields
 24422 | Spider:4 | Found a runed translucent door.
 24606 | Spider:4 | Noticed Aizul
 24611 | Spider:4 | XOM: 8-stop teleportation journey
 24638 | Spider:4 | XOM: summons 2 friendly demons
 24640 | Spider:4 | Reached skill level 9 in Shields
 24683 | Spider:4 | XOM: cloud trail
 24700 | Spider:4 | XOM: silly message
 24732 | Spider:4 | XOM: confuse monster(s)
 24816 | Spider:4 | Reached skill level 10 in Shields
 24851 | Spider:4 | XOM: swap monsters
 25092 | Spider:4 | XOM: summons 2 friendly demons
 25101 | Spider:4 | Killed Aizul
 25154 | Spider:4 | XOM: scenery: 1 doors open
 25184 | Spider:4 | Reached skill level 11 in Shields
 25210 | Spider:4 | Got a gossamer rune of Zot
 25222 | Spider:4 | Identified the +1 pair of gloves "Aguud" {rCorr Dex+3}
 25322 | Spider:4 | Noticed Baxzics's ghost (adept DECj)
 25610 | Vaults:1 | Entered Level 1 of the Vaults
 25642 | Vaults:1 | XOM: 4-stop teleportation journey
 25832 | Vaults:1 | XOM: stat loss: -1 Dex (19/20)
 25854 | Vaults:1 | XOM: swap monsters
 26024 | Vaults:1 | XOM: polymorph ironbound preserver -> shapeshifter
 26039 | Vaults:1 | Reached skill level 12 in Shields
 26115 | Vaults:1 | XOM: swap monsters
 26117 | Vaults:1 | XOM: give mutations
 26117 | Vaults:1 | Lost mutation: You passively dampen the noise of your
                  | surroundings. [Xom's mischief]
 26117 | Vaults:1 | Lost mutation: Your natural rate of healing is unusually
                  | fast. [Xom's mischief]
 26117 | Vaults:1 | Lost mutation: You are strong-willed. (Will+) [Xom's
                  | mischief]
 26117 | Vaults:1 | Lost mutation: Your movements are slightly less encumbered
                  | by armour. (ER -2) [Xom's mischief]
 26173 | Vaults:1 | Reached XP level 18. HP: 77/149 MP: 18/18
 26387 | Vaults:1 | Reached skill level 13 in Shields
 26410 | Vaults:1 | XOM: give mutations
 26410 | Vaults:1 | Lost mutation: You have hoof-like feet. [Xom's mischief]
 26410 | Vaults:1 | Lost mutation: You possess an exceptional clarity of mind.
                  | [Xom's mischief]
 26484 | Vaults:1 | XOM: polymorph ironbound preserver -> shapeshifter
 26485 | Vaults:1 | XOM: enchant monster (bad)
 26714 | Vaults:1 | XOM: cloud trail
 26746 | Vaults:1 | Found Saiprioh's Armour Boutique.
 26749 | Vaults:1 | XOM: noise
 26753 | Vaults:1 | XOM: silly message
 26874 | Vaults:1 | Paralysed by a great orb of eyes for 3 turns
 26876 | Vaults:1 | XOM: swap monsters
 26931 | Vaults:1 | Reached skill level 14 in Shields
 26950 | Vaults:1 | You are cast into the Abyss!
 26950 | Abyss:3  | Cast into level 3 of the Abyss (a deep elf demonologist)
 26976 | Abyss:3  | Noticed a hellephant
 27153 | Abyss:3  | XOM: cast spell 'Metabolic Englaciation'
 27167 | Abyss:3  | Killed a hellephant
 27285 | Vaults:1 | You pass through the gate.
 27285 | Vaults:1 | Escaped the Abyss
 27407 | Vaults:1 | XOM: enchant monster (bad)
 27463 | Vaults:1 | XOM: give mutations
 27463 | Vaults:1 | Lost mutation: Your spells are a little harder to cast, but
                  | a little more powerful. [Xom's mischief]
 27463 | Vaults:1 | Lost mutation: You have a pair of large antennae on your
                  | head. (SInv) [Xom's mischief]
 27463 | Vaults:1 | Lost mutation: You have a pair of antennae on your head.
                  | [Xom's mischief]
 27496 | Vaults:1 | XOM: god gift: potion of haste
 27557 | Vaults:1 | XOM: summons 1 hostile shadow creature
 27665 | Vaults:1 | XOM: god gift: 5 stones
 27698 | Vaults:1 | XOM: 1-stop teleportation journey
 27702 | Vaults:1 | XOM: 5-stop teleportation journey
 27833 | Vaults:1 | Reached skill level 15 in Shields
 27964 | Vaults:1 | Found a transporter.
 27964 | Vaults:1 | Found Ybuetetz's Book Emporium.
 28005 | Vaults:1 | XOM: confusion (+ monsters)
 28029 | Vaults:1 | Found a transporter.
 28179 | Vaults:1 | XOM: polymorph centaur warrior -> swamp dragon
 28303 | Vaults:1 | XOM: confuse monster(s)
 28403 | Vaults:1 | XOM: confusion (+ monsters)
 28459 | Vaults:1 | Reached skill level 19 in Armour
 28861 | Vaults:1 | XOM: stat loss: -1 Dex (19/20)
 28942 | Vaults:1 | Upgraded the game from 0.31-a0-833-gc15d34cb79 to
                  | 0.31-a0-836-g3ceb0a68c4
 29052 | Vaults:2 | XOM: potion effect (might)
 29067 | Vaults:2 | XOM: stat loss: -1 Str (17/18)
 29243 | Vaults:2 | XOM: summons 6 hostile demons
 29246 | Vaults:2 | XOM: enchant monster (bad)
 29252 | Vaults:2 | XOM: summons 2 hostile shadow creatures
 29263 | Vaults:2 | Paralysed by a great orb of eyes for 4 turns
 29265 | Vaults:2 | XOM: polymorph deep troll -> swamp dragon
 29628 | D:14     | XOM: give mutations
 29628 | D:14     | Lost mutation: Your flesh is very heat resistant. (rF++)
                  | [Xom's mischief]
 29628 | D:14     | Lost mutation: You are robust. (+10% HP) [Xom's mischief]
 29628 | D:14     | Gained mutation: Potions are less effective at restoring
                  | your health. [Xom's mischief]
 29737 | Elf:1    | Entered Level 1 of the Elven Halls
 29746 | Elf:1    | Reached skill level 24 in Fighting
 29767 | Elf:1    | XOM: give mutations
 29767 | Elf:1    | Lost mutation: Your body sometimes deteriorates upon taking
                  | damage. [Xom's mischief]
 29767 | Elf:1    | Lost mutation: Your flesh is heat resistant. (rF+) [Xom's
                  | mischief]
 29767 | Elf:1    | Gained mutation: Your magical capacity is low. (-10% MP)
                  | [Xom's mischief]
 29858 | Elf:1    | Noticed Agnes
 29868 | Elf:1    | Killed Agnes
 29998 | Elf:1    | XOM: blink monster(s)
 30116 | Elf:1    | XOM: scenery: 1 doors open, 1 doors close
 30175 | Elf:1    | XOM: chaos cloud
 30196 | Elf:1    | XOM: confusion
 30204 | Elf:1    | XOM: chaos upgrade
 30229 | Elf:1    | Reached XP level 19. HP: 144/144 MP: 17/17
 30250 | Elf:1    | XOM: give mutations
 30250 | Elf:1    | Lost mutation: You are partially covered in iridescent
                  | scales. (AC +2) [Xom's mischief]
 30250 | Elf:1    | Gained mutation: You occasionally shout uncontrollably at
                  | your foes. [Xom's mischief]
 30250 | Elf:1    | Gained mutation: You expend magic power (3 MP) to
                  | strengthen your wands. [Xom's mischief]
 30279 | Elf:1    | XOM: noise
 30458 | Elf:1    | XOM: stat loss: -1 Str (17/18)
 30578 | Elf:2    | Paralysed by an air elemental for 1 turns
 30587 | Elf:2    | XOM: noise
 30628 | Elf:2    | XOM: stat loss: -1 Dex (19/20)
 30629 | Elf:2    | XOM: confusion
 30642 | Elf:2    | Reached skill level 20 in Armour
 30658 | Elf:2    | XOM: noise
 30758 | Elf:2    | XOM: confuse monster(s)
 30822 | Elf:2    | Found Conagocw's Weapon Emporium.
 30828 | Elf:2    | Found Korphoh's Antique Armour Emporium.
 30858 | Elf:2    | Found a runed translucent gate.
 30858 | Elf:2    | XOM: fog
 30859 | Elf:2    | Found a runed translucent gate.
 30859 | Elf:2    | Found a runed translucent gate.
 30929 | Elf:2    | XOM: enchant monster (good)
 30933 | Elf:2    | XOM: 8-stop teleportation journey
 30966 | Elf:2    | XOM: divination: detect items
 30968 | Elf:2    | XOM: scenery: create altars
 30989 | Elf:2    | XOM: blink monster(s)
 30991 | Elf:2    | XOM: enchant monster (bad)
 30995 | Elf:2    | XOM: confusion
 31034 | Elf:2    | XOM: summons 4 friendly demons
 31040 | Elf:2    | XOM: stat loss: -1 Dex (19/20)
 31052 | Elf:2    | XOM: give mutations
 31052 | Elf:2    | Gained mutation: You have supernaturally acute eyesight.
                  | (SInv) [Xom's grace]
 31052 | Elf:2    | Gained mutation: Your mind is very acute. (Int +8, Str/Dex
                  | -2) [Xom's grace]
 31370 | Elf:2    | XOM: smoke on damage
 31462 | Elf:3    | Entered Level 3 of the Elven Halls
 31537 | Elf:3    | Noticed Donald
 31537 | Elf:3    | XOM: 1-stop teleportation journey
 31547 | Elf:3    | >>die here
 31548 | Elf:3    | Killed Donald
 31554 | Elf:3    | XOM: cast spell 'Call Canine Familiar'
 31795 | Elf:3    | XOM: noise
 32065 | Elf:3    | XOM: give mutation
 32065 | Elf:3    | Lost mutation: You have a somewhat thin skeletal structure.
                  | (Dex +2, Stealth+) [Xom's mischief]
 32295 | Elf:3    | Reached skill level 25 in Fighting
 32295 | Elf:3    | Identified the +1 trident of Qeppem {flame, Will++ rCorr
                  | Int+3 SInv}
 32302 | Elf:3    | XOM: silly message
 32326 | Elf:3    | XOM: torment (99/146 hp)
 32476 | Elf:3    | Noticed Zenata
 32477 | Elf:3    | XOM: confusion
 32496 | Elf:3    | XOM: god gift: mace {god gift}
 32498 | Elf:3    | HP: 3/146 [+2 short sword of electrocution[Zenata] (2)]
 32560 | Elf:2    | XOM: scenery: summon butterflies
 32847 | Elf:3    | XOM: scenery: create altars
 32863 | Elf:3    | XOM: summons 1 friendly demon
 32866 | Elf:3    | HP: 9/146 [+2 glaive of freezing[Zenata] (6)]
 32867 | Elf:3    | Mangled by a +2 glaive of freezing

Vanquished Creatures
  Jorgrun (D:15)
  Mlioglotl (Lair:3)
  A hellephant (Abyss:3)
  A deep elf blademaster (Elf:3)
  Kirke (Spider:3)
  Agnes (Elf:1)
  Aizul (Spider:4)
  Donald (Elf:3)
  4 deep elf sorcerers (Elf:3)
  2 vault wardens (Vaults:1)
  2 emperor scorpions
  A ghost moth (Orc:2)
  2 orc warlords (Orc:2)
  A deep elf elementalist (Elf:3)
  4 broodmothers (Spider:4)
  4 ironbound preservers
  A war gargoyle (Vaults:1)
  A quicksilver ooze (Gauntlet)
  A very ugly thing (Vaults:1)
  3 deep elf demonologists
  3 ironbound thunderhulks
  Nessos (D:15)
  A minotaur (Gauntlet)
  A deep elf annihilator (Elf:3)
  8 dire elephants
  A crystal guardian (Vaults:1)
  4 deep elf death magi
  3 entropy weavers (Spider:4)
  3 ettins
  Josephine (D:15)
  A deep elf high priest (Elf:3)
  2 great orbs of eyes (Vaults:1)
  A vault guard (D:14)
  6 yaktaur captains (Vaults:1)
  A peacekeeper (Vaults:1)
  5 hydras
  The ghost of Vade Gum the Slicer, a journeyman DsGl of Uskayaw (Lair:3)
  An ogre mage (D:15)
  A jorogumo (Spider:1)
  4 ironbound frosthearts (Vaults:1)
  12 centaur warriors
  5 boulder beetles
  12 dancing weapons
  3 radroaches (Spider:3)
  8 death yaks
  3 demonic crawlers
  3 catoblepae
  4 two-headed ogres
  2 tengu warriors (D:15)
  A thrashing horror (Abyss:3)
  An orc high priest (Elf:2)
  A hell knight (D:15)
  A spectral death yak (Lair:5)
  6 deep elf knights
  A skyshark (Lair:4)
  2 wretched stars (Abyss:3)
  4 pharaoh ants
  A sun moth (Spider:4)
  7 deep elf archers
  A swamp dragon (Vaults:1)
  17 deep trolls
  7 orb spiders
  A large abomination (Abyss:3)
  A harpy (Vaults:1)
  3 lindwurms (Vaults:1)
  2 wizards
  23 deep elf zephyrmancers
  7 orc knights
  3 ironbound convokers
  A mana viper (shapeshifter) (Elf:2)
  8 steelbarb worms
  23 deep elf pyromancers
  A necromancer (D:15)
  14 wolf spiders
  8 cyclopes
  3 manticores
  3 orc sorcerers (Orc:2)
  34 ugly things
  8 moths of wrath
  4 vault sentinels (Vaults:1)
  21 elephants
  6 black mambas
  6 cane toads
  A gargoyle (D:14)
  3 torpor snails
  Psyche (D:8)
  28 yaktaurs
  An efreet (D:14)
  4 komodo dragons
  A yaktaur (shapeshifter) (Vaults:1)
  3 rime drakes
  14 trolls
  A kobold demonologist (D:9)
  A tengu conjurer (D:15)
  3 polar bears
  A queen bee (D:10)
  2 meliai (Spider:4)
  A meliai (shapeshifter) (Elf:1)
  3 hornets (Gauntlet)
  16 tarantellas
  14 blink frogs
  A raiju (shapeshifter) (Elf:2)
  2 air elementals
  4 dream sheep (Lair:2)
  12 slime creatures
  24 culicivoras
  23 jumping spiders
  A water elemental (Elf:1)
  A shadow (D:11)
  3 ynoxinuls (D:12)
  7 wraiths
  A centaur simulacrum (D:15)
  A human (shapeshifter) (Vaults:1)
  4 fire elementals
  66 yaks
  A hog (Spider:3)
  52 redbacks
  5 wyverns
  An unseen horror simulacrum (D:9)
  3 humans (D:14)
  A redback (shapeshifter) (D:15)
  4 basilisks
  15 vampire mosquitoes
  A chaos spawn (Gauntlet)
  A neqoxec (Gauntlet)
  6 wargs
  2 acid dragons
  12 water moccasins
  34 orc warriors
  A sky beast (shapeshifter) (Elf:2)
  A sky beast (D:7)
  A black bear (shapeshifter) (D:9)
  A black bear (Lair:1)
  12 ogres
  25 centaurs
  3 boggarts (D:14)
  6 wolves
  A phantom (D:5)
  2 kobold brigands
  A gnoll sergeant (D:8)
  15 bullfrogs
  An earth elemental (Elf:2)
  4 scorpions
  12 wights
  24 killer bees
  5 howler monkeys
  4 electric eels
  2 lava snakes (D:12)
  A jelly (D:4)
  16 orc priests
  4 hounds
  A sleepcap (D:5)
  3 iguanas
  26 orc wizards
  2 troll simulacra (IceCv)
  2 spriggan simulacra (IceCv)
  A gnoll (D:8)
  15 adders
  A shadow imp (D:6)
  14 white imps
  13 ufetubi
  5 dart slugs
  95 orcs
  9 ball pythons
  7 endoplasms
  2 giant cockroaches (D:1)
  10 goblins
  4 hobgoblins
  9 jackals
  17 kobolds
  2 quokkas
  4 bats
  5 frilled lizards
  A goblin skeleton (D:6)
  A goblin zombie (D:6)
  8 rats
  A lurking horror (Spider:3)
1151 creatures vanquished.

Vanquished Creatures (collateral kills)
  A broodmother (Spider:4)
  An orc high priest (Orc:2)
  A deep elf archer (Elf:2)
  An orc sorcerer (Orc:2)
  A cane toad (Lair:3)
  A komodo dragon (Lair:2)
  2 blink frogs (Lair:2)
  A blink frog (shapeshifter) (Bailey)
  2 yaks (Lair:2)
  A steam dragon (D:8)
  A redback (Spider:4)
  7 orc warriors
  A wolf (Lair:3)
  4 centaurs (Bailey)
  A kobold brigand (D:8)
  A killer bee (D:8)
  An orc priest (Orc:2)
  A gnoll (D:8)
  5 orcs
  2 kobolds (D:8)
36 creatures vanquished.

Vanquished Creatures (others)
  A catoblepas (Lair:1)
  A dancing weapon (Elf:2)
  A deep elf knight (Elf:1)
  3 deep elf zephyrmancers
  An ugly thing (D:9)
  A yak (D:8)
  3 humans (Spider:3)
  2 orc warriors (Bailey)
  A centaur (Bailey)
  A gnoll (D:8)
  2 orcs
  A goblin (D:8)
  A hobgoblin (D:8)
19 creatures vanquished.

Grand Total: 1206 creatures vanquished

Table legend: (Time is in decaauts)
 A = Elapsed time spent in this place.
 B = Non-inter-level travel time spent in this place.
 C = Inter-level travel time spent in this place.
 D = Time resting spent in this place.
 E = Time spent auto-exploring this place.
 F = Levels seen in this place.
 G = Mean time per level.
                   A        B        C        D        E       F      G
               +--------+--------+--------+--------+--------+-----+--------+
         Total |  32034 |  29373 |   2661 |   2844 |  18897 |  35 |  915.3 |
       Dungeon |  13022 |  11772 |   1250 |    426 |   8720 |  15 |  868.1 |
          Lair |   5375 |   4611 |    764 |    145 |   3604 |   5 | 1075.0 |
   Spider Nest |   3794 |   3539 |    255 |    249 |   2147 |   4 |  948.5 |
  Orcish Mines |   2020 |   1818 |    202 |    230 |    913 |   2 | 1010.0 |
   Elven Halls |   3038 |   2965 |     73 |    775 |   1377 |   3 | 1012.7 |
        Vaults |   3546 |   3431 |    115 |    754 |   1818 |   2 | 1773.0 |
         Abyss |    325 |    325 |      0 |    217 |      0 |   1 |  325.0 |
        Bailey |    623 |    623 |      0 |     46 |    184 |   1 |  623.0 |
      Ice Cave |     10 |     10 |      0 |      0 |      0 |   1 |   10.0 |
      Gauntlet |    276 |    276 |      0 |      0 |    134 |   1 |  276.0 |
               +--------+--------+--------+--------+--------+-----+--------+

Top non-repeatable levels by time:
Vaults:1: 2954 daAuts
   Orc:2: 1329 daAuts
   Elf:2: 1308 daAuts
  Lair:2: 1274 daAuts
    D:15: 1243 daAuts
     D:9: 1215 daAuts
Spider:4: 1204 daAuts
  Lair:1: 1186 daAuts
     D:5: 1153 daAuts
     D:8: 1127 daAuts
    D:14: 1064 daAuts
    D:13: 1054 daAuts
  Lair:3: 1044 daAuts
Spider:3: 1035 daAuts
  Lair:5: 990 daAuts

Table legend:
 A = Non-vault XP
 B = Vault XP
 C = Vault XP percentage of total XP
 D = Non-vault monster count
 E = Vault monster count
 F = Vault count percentage of total count
                 A         B        C        D         E       F
            +---------+---------+-------+---------+---------+-------
      Total |  253775 |  121782 |  32.4 |     860 |     334 |  28.0
            +---------+---------+-------+---------+---------+-------
        D:1 |      41 |       2 |   4.7 |      22 |       1 |   4.3
        D:2 |      52 |       0 |   0.0 |      17 |       0 |   0.0
        D:3 |      85 |       0 |   0.0 |      23 |       0 |   0.0
        D:4 |     121 |       0 |   0.0 |      20 |       0 |   0.0
        D:5 |     686 |       0 |   0.0 |      15 |       0 |   0.0
        D:6 |     461 |       2 |   0.4 |      12 |       2 |  14.3
        D:7 |     943 |       0 |   0.0 |      15 |       0 |   0.0
        D:8 |    3027 |     605 |  16.7 |      38 |       4 |   9.5
        D:9 |    1299 |    2267 |  63.6 |      19 |       7 |  26.9
       D:10 |    4267 |    1502 |  26.0 |      21 |      20 |  48.8
       D:11 |    4026 |       0 |   0.0 |      25 |       0 |   0.0
       D:12 |    4758 |     853 |  15.2 |      14 |      27 |  65.9
       D:13 |    9671 |    1704 |  15.0 |      34 |      25 |  42.4
       D:14 |   12395 |    3609 |  22.6 |      32 |       7 |  17.9
       D:15 |   15706 |    9432 |  37.5 |      38 |      14 |  26.9
     Lair:1 |    6255 |       0 |   0.0 |      27 |       0 |   0.0
     Lair:2 |    7734 |       0 |   0.0 |      27 |       0 |   0.0
     Lair:3 |    4381 |    3747 |  46.1 |      17 |       7 |  29.2
     Lair:4 |    5634 |    1938 |  25.6 |      14 |      10 |  41.7
     Lair:5 |   21217 |    1748 |   7.6 |      56 |       2 |   3.4
   Spider:1 |   18441 |       0 |   0.0 |      57 |       0 |   0.0
   Spider:2 |   10760 |       0 |   0.0 |      23 |       0 |   0.0
   Spider:3 |   11878 |    1602 |  11.9 |      32 |       2 |   5.9
   Spider:4 |   13549 |   18077 |  57.2 |      39 |      37 |  48.7
      Orc:1 |    3215 |       0 |   0.0 |      37 |       0 |   0.0
      Orc:2 |    5955 |    8672 |  59.3 |      40 |      38 |  48.7
      Elf:1 |   10150 |   10945 |  51.9 |      19 |      17 |  47.2
      Elf:2 |   21309 |    4934 |  18.8 |      41 |       6 |  12.8
      Elf:3 |    7194 |   14859 |  67.4 |      11 |      13 |  54.2
   Vaults:1 |   39740 |   26198 |  39.7 |      65 |      40 |  38.1
   Vaults:2 |    3977 |    3518 |  46.9 |       5 |       4 |  44.4
    Abyss:3 |    4848 |       0 |   0.0 |       5 |       0 |   0.0
     Bailey |       0 |    2144 | 100.0 |       0 |      40 | 100.0
      IceCv |       0 |     130 | 100.0 |       0 |       4 | 100.0
   Gauntlet |       0 |    3294 | 100.0 |       0 |       7 | 100.0
            +---------+---------+-------+---------+---------+-------
